AoeStats
← Element

African Clearing

506891337Analyzed
4v4 RM · 17d ago on Sep 15, 2026· 67m 14s· 8 players
Game mode
Random Map
Map size
Large (8 player)
Population
200
Speed
Normal
Resources
Standard
Victory
Conquest
Starting age
Dark Age
Ending age
Imperial Age
RankedLock teamsTeams togetherTeam positionsShared explorationLock speedFull tech treeHidden civsTurbo modeCheats
Victory
Defeat
🇨🇱 Franks · Chile
1313
+16
🇬🇧 Aztecs · United Kingdom
1303
+17
🇮🇪 Poles · Ireland
1286
+17
🇸🇮 Japanese · Slovenia
1273
+18
🇦🇷 Hindustanis · Argentina
1346
-18
🇦🇷 Bengalis · Argentina
1344
-18
🇨🇦 Teutons · Canada
1294
-16
🇨🇦 Magyars · Canada
1293
-16
Diegote
12:54 Feudal Age
17:10 Castle Age
20:13 Double-Bit Axe
21:54 Loom
31:47 Scale Mail Armor
31:57 Forging
32:41 Wheelbarrow
36:28 Hand Cart
36:06 Gold Mining
37:17 Iron Casting
36:47 Scale Barding Armor
38:17 Husbandry
40:15 Stone Mining
43:21 Imperial Age
42:41 Chain Barding Armor
42:39 Chain Mail Armor
43:22 Fletching
45:06 Blast Furnace
44:41 Plate Barding Armor
43:44 Cavalier
44:53 Town Watch
46:43 Town Patrol
47:38 Gold Shaft Mining
47:42 Paladin
49:44 Plate Mail Armor
49:59 Conscription
50:05 Chivalry
62:49 Elite Throwing Axeman
63:50 #83
64:31 Fletching
64:41 Padded Archer Armor
67:48 Ballistics
68:28 Chemistry
67:43 Squires
67:30 Arson
cdb
3:56 Loom
13:28 Feudal Age
14:56 Double-Bit Axe
17:30 Castle Age
15:33 Gold Mining
17:53 Forging
18:11 Eagle Warrior
20:58 Horse Collar
22:36 Squires
23:12 Scale Mail Armor
25:22 Heavy Plow
28:17 Iron Casting
28:42 Arson
30:23 Wheelbarrow
30:51 Chain Mail Armor
34:44 Hand Cart
34:44 Bow Saw
35:10 Gold Shaft Mining
38:31 Imperial Age
35:47 Town Watch
39:35 Conscription
39:41 Garland Wars
38:43 Elite Eagle Warrior
40:29 Plate Mail Armor
41:58 Blast Furnace
42:04 Town Patrol
48:13 Fortified Wall
47:47 Treadmill Crane
48:28 Ballistics
49:09 Chemistry
48:00 Fletching
48:10 Padded Archer Armor
49:22 Guard Tower
49:17 Arrowslits
49:28 Bodkin Arrow
51:20 Bracer
54:51 Pikeman
IWUDJA
10:48 Loom
14:07 Feudal Age
18:59 Castle Age
17:48 Horse Collar
19:59 Scale Barding Armor
20:05 Forging
19:58 Double-Bit Axe
20:27 Gold Mining
20:55 Bow Saw
20:52 Husbandry
23:13 Town Watch
27:03 Bloodlines
28:28 Chain Barding Armor
28:45 Iron Casting
29:28 Wheelbarrow
31:04 Szlachta Privileges
31:05 Devotion
32:11 Hand Cart
32:21 Stone Mining
36:00 Imperial Age
33:40 Heavy Plow
34:23 Scale Mail Armor
36:11 Chain Mail Armor
37:02 Conscription
36:07 Cavalier
38:52 Blast Furnace
38:25 Fletching
38:58 Ballistics
39:39 Chemistry
39:26 Masonry
39:20 Murder Holes
39:57 Squires
39:43 Arson
40:29 Masonry
41:10 Light Cavalry
43:16 Winged Hussar
45:50 Plate Mail Armor
45:47 Lechitic Legacy
47:43 Elite Obuch
49:33 Chemistry
48:52 Bodkin Arrow
50:13 Siege Engineers
50:09 Bracer
50:47 Hoardings
51:36 Pikeman
54:39 Bombard Tower
56:34 Padded Archer Armor
60:28 Leather Archer Armor
59:58 Treadmill Crane
63:18 Thumb Ring
62:34 Heavy Cavalry Archer
64:08 Capped Ram
65:25 Siege Ram
disco_lama
3:24 Loom
13:26 Feudal Age
22:37 Castle Age
20:55 Fletching
21:05 Double-Bit Axe
23:42 Wheelbarrow
38:42 Horse Collar
38:52 Horse Collar
49:43 Bow Saw
62:02 Squires
63:58 Heavy Plow
65:26 Hand Cart
64:57 Town Watch
65:54 Pikeman
Element
10:43 Loom
12:41 Feudal Age
17:20 Castle Age
16:11 Double-Bit Axe
19:59 Fletching
20:35 Bodkin Arrow
29:16 Forging
31:10 Ballistics
31:56 Scale Barding Armor
35:43 Chain Barding Armor
35:58 Iron Casting
35:31 Padded Archer Armor
37:04 Paiks
37:45 Wheelbarrow
36:57 Town Watch
38:50 Bow Saw
39:53 Hand Cart
39:36 Gold Mining
39:39 Horse Collar
43:37 Imperial Age
41:36 Leather Archer Armor
43:01 Gold Shaft Mining
43:40 Fortified Wall
43:41 Masonry
44:33 Murder Holes
44:48 Masonry
44:51 Fortified Wall
45:22 Chain Barding Armor
46:02 Blast Furnace
46:42 Two-Man Saw
46:43 Heavy Plow
46:46 Husbandry
46:57 Bloodlines
47:29 Plate Barding Armor
46:59 Bracer
48:24 Crop Rotation
49:54 Conscription
50:42 Chemistry
50:14 Architecture
49:33 Light Cavalry
50:10 Stone Mining
50:48 Elite Battle Elephant
54:18 Mahayana
55:36 Siege Engineers
55:14 Treadmill Crane
57:33 Arrowslits
57:43 Pikeman
58:23 Squires
58:12 Arson
62:15 Scale Mail Armor
62:46 Town Patrol
MrDumpem
10:15 Loom
14:12 Feudal Age
16:33 Double-Bit Axe
21:27 Castle Age
19:30 Horse Collar
20:29 Stone Mining
22:29 Bow Saw
24:04 Heavy Plow
25:54 Wheelbarrow
28:30 Ironclad
28:18 Scale Barding Armor
28:35 Forging
28:41 Scale Mail Armor
29:40 Bloodlines
31:57 Hand Cart
31:42 Gold Mining
32:51 Chain Mail Armor
32:57 Chain Barding Armor
33:47 Iron Casting
38:32 Imperial Age
38:38 Cavalier
39:55 Plate Barding Armor
40:29 Blast Furnace
39:52 Conscription
40:43 Crop Rotation
41:17 Two-Man Saw
40:40 Paladin
54:29 Guilds
56:21 Pikeman
57:02 Squires
56:47 Arson
57:08 Capped Ram
57:22 Halberdier
Schvank
12:28 Feudal Age
13:41 Double-Bit Axe
17:42 Loom
20:11 Castle Age
20:26 Gold Mining
21:31 Scale Barding Armor
21:52 Bow Saw
27:47 Pikeman
28:36 Scale Mail Armor
35:24 Wheelbarrow
40:03 Hand Cart
40:21 Horse Collar
43:22 Heavy Plow
44:15 Fletching
45:26 Chain Mail Armor
45:21 Stone Mining
46:07 Gold Shaft Mining
48:34 Imperial Age
54:23 Imperial Age
64:13 Two-Man Saw
64:27 Corvinian Army
64:16 Light Cavalry
65:07 Bloodlines
64:57 Husbandry
65:37 Husbandry
66:06 Conscription
66:25 Chain Barding Armor
Vinci_PL
4:06 Loom
14:14 Feudal Age
16:28 Town Watch
19:09 Castle Age
20:36 Fletching
20:36 Double-Bit Axe
21:59 Bodkin Arrow
22:16 Bloodlines
33:04 Husbandry
33:47 Padded Archer Armor
36:23 Ballistics
36:49 Horse Collar
38:37 Wheelbarrow
39:02 Leather Archer Armor
41:46 Thumb Ring
44:49 Hand Cart
46:19 Heavy Plow
52:02 Imperial Age
54:07 Imperial Age
56:38 Conscription
61:55 Bow Saw
64:36 Forging
64:31 Scale Barding Armor
64:37 Scale Barding Armor
66:08 Bracer
Connection lost

Rejoining the realm…

Still unreachable

The connection could not be restored.

Session expired

The server has moved on; the page needs a fresh start.